[Event "Turkish Cup 2024"]
[Site "Denizli"]
[Date "2024.08.02"]
[Round "5"]
[White "Ilgaz, Yusuf Kerem"]
[Black "Sadik, Muhammed Selim"]
[Result "1/2-1/2"]
[ECO "B45"]
[WhiteElo "2006"]
[BlackElo "1798"]
[Annotator "RC"]
[PlyCount "129"]
[EventDate "2024.08.01"]
[EventType "swiss"]
[EventCountry "TUR"]
[SourceTitle "playchess.com"]
[Source "ChessBase"]
[SourceQuality "1"]
[TimeControl "5400+30"]

1. e4 c5 2. Nf3 e6 3. d4 cxd4 4. Nxd4 Nf6 5. Nc3 Nc6 6. Nxc6 bxc6 7. e5 Nd5 8. Ne4 Bb7 9. Be2 c5 10. O-O Qc7 11. Nd6+ Bxd6 12. exd6 Qc6 13. f3 c4 14. Qd4 O-O 15. Qxc4 Qxd6 16. Qd4 Rfc8 17. c4 Qb6 18. Qxb6 Nxb6 19. b3 Ba6 20. a4 d5 21. a5 Nd7 22. Be3 dxc4 23. Rfc1 Kf8 24. bxc4 Rc7 25. f4 Rac8 26. g3 Nf6 27. Rd1 Nd5 28. Bd4 f6 29. Rd2 Bxc4 30. Bxc4 Rxc4 31. Bxa7 Rc1+ 32. Rd1 Rxd1+ 33. Rxd1 Ra8 34. Bc5+ Ke8 35. Ra1 Ra6 36. Bf2 Kd7 37. Be1 Ne3 38. Rb1 Kc7 39. Rb5 Nc4 40. Bb4 Nd6 41. Rh5 h6 42. Rc5+ Rc6 43. a6 Rxc5 44. Bxc5 Ne4 45. Bd4 g5 46. Kf1 h5 47. fxg5 fxg5 48. Ke2 g4 49. Be3 Kc6 50. Kd3 Nd6 51. Bf2 e5 52. a7 Kb7 53. Bc5 Nf7 54. Be3 Nd6 55. Bf2 Ka8 56. Bg1 Kb7 57. Bc5 Nf7 58. Ke3 Ng5 59. Bd6 Kxa7 60. Bxe5 Nf3 61. Bd4+ Kb7 62. h4 Kc6 63. Bf6 Kd5 64. Kf4 Ke6 65. Ke4 1/2-1/2

[Event "Turkish Cup 2024"]
[Site "Denizli"]
[Date "2024.08.02"]
[Round "5"]
[White "Akkara, Omer"]
[Black "Yilmaz, Turhan"]
[Result "1-0"]
[ECO "C47"]
[WhiteElo "1998"]
[BlackElo "2015"]
[Annotator "RC"]
[PlyCount "71"]
[EventDate "2024.08.01"]
[EventType "swiss"]
[EventCountry "TUR"]
[SourceTitle "playchess.com"]
[Source "ChessBase"]
[SourceQuality "1"]
[TimeControl "5400+30"]

1. e4 e5 2. Nf3 Nc6 3. Nc3 Nf6 4. a3 d5 5. Bb5 d4 6. Ne2 Bd6 7. d3 O-O 8. c3 dxc3 9. bxc3 Ne7 10. O-O Ng6 11. Ng3 Be6 12. Bg5 h6 13. Bxf6 Qxf6 14. d4 c6 15. Nh5 Qe7 16. Be2 Rfd8 17. Qc2 Bxa3 18. Nxe5 Nxe5 19. dxe5 Bc5 20. Kh1 a5 21. f4 a4 22. Rxa4 Rxa4 23. Qxa4 Rd2 24. f5 Bc8 25. Qa8 Rd8 26. Rd1 Re8 27. Nxg7 Rf8 28. Nh5 Bxf5 29. Qa2 Be6 30. Qd2 Kh7 31. Nf6+ Kg7 32. Qf4 Rd8 33. Rf1 Rh8 34. Rf3 Qd8 35. Rd3 Qe7 36. Rg3+ 1-0

[Event "Turkish Cup 2024"]
[Site "Denizli"]
[Date "2024.08.02"]
[Round "5"]
[White "Sahin, Ata Sarp"]
[Black "Akbas, Kaan"]
[Result "0-1"]
[ECO "B03"]
[WhiteElo "1996"]
[BlackElo "1990"]
[Annotator "RC"]
[PlyCount "88"]
[EventDate "2024.08.01"]
[EventType "swiss"]
[EventCountry "TUR"]
[SourceTitle "playchess.com"]
[Source "ChessBase"]
[SourceQuality "1"]
[TimeControl "5400+30"]

1. e4 Nf6 2. e5 Nd5 3. d4 d6 4. c4 Nb6 5. f4 dxe5 6. fxe5 Bf5 7. Be3 Nc6 8. Nc3 e6 9. Be2 Be7 10. Nf3 O-O 11. O-O f6 12. Qe1 Nb4 13. Rd1 Nc2 14. Qf2 Nxe3 15. Qxe3 Qe8 16. Nb5 Qc6 17. b3 a6 18. Nc3 Nd7 19. exf6 Bxf6 20. Bd3 Rae8 21. Ne4 Be7 22. Kh1 h6 23. Ng3 Bxd3 24. Qxd3 Bd6 25. Qg6 Bxg3 26. Qxg3 Qd6 27. Qh3 Rf5 28. d5 Ref8 29. dxe6 Qxe6 30. Qg3 Rf4 31. Rfe1 Qf7 32. h3 Nc5 33. Ne5 Qh5 34. Qg6 Qh4 35. b4 Ne4 36. Qe6+ Kh7 37. Ng6 R8f6 38. Qxe4 Rf1+ 39. Kh2 Qxe4 40. Rxe4 Rxd1 41. Nf4 Rd2 42. a4 Rfd6 43. Ne6 Kg8 44. Nxc7 Rg6 0-1

[Event "Turkish Cup 2024"]
[Site "Denizli"]
[Date "2024.08.02"]
[Round "5"]
[White "Ekinci, Berkay"]
[Black "Celebi, Mehmet Alper"]
[Result "1/2-1/2"]
[ECO "D10"]
[WhiteElo "1976"]
[BlackElo "1998"]
[Annotator "RC"]
[PlyCount "88"]
[EventDate "2024.08.01"]
[EventType "swiss"]
[EventCountry "TUR"]
[SourceTitle "playchess.com"]
[Source "ChessBase"]
[SourceQuality "1"]
[TimeControl "5400+30"]

1. d4 d5 2. c4 c6 3. cxd5 cxd5 4. Nc3 Nf6 5. Bf4 a6 6. e3 Nc6 7. Bd3 Bg4 8. Nge2 e6 9. f3 Bh5 10. Rc1 Bd6 11. O-O O-O 12. Na4 Bg6 13. Bxg6 hxg6 14. Bxd6 Qxd6 15. Nc5 b6 16. Nd3 Rfc8 17. Qd2 Rc7 18. Rc3 Rac8 19. Rfc1 Na5 20. b3 Rxc3 21. Rxc3 Rxc3 22. Qxc3 Nc6 23. Ne5 Ne7 24. Qd3 Qa3 25. Qc2 Qd6 26. Nf4 Nd7 27. Nfd3 Nxe5 28. Nxe5 g5 29. h3 f6 30. Ng6 Nxg6 31. Qxg6 Qc6 32. Kf2 Kf8 33. Qd3 b5 34. Qd2 Ke7 35. Qb4+ Kf7 36. Qd2 Ke7 37. Qa5 f5 38. Qb4+ Kf7 39. Qd2 Kf6 40. f4 Qd6 41. g3 gxf4 42. exf4 Qc7 43. Kf3 a5 44. Kf2 b4 1/2-1/2

[Event "Turkish Cup 2024"]
[Site "Denizli"]
[Date "2024.08.02"]
[Round "5"]
[White "Bulgurlu, Okan"]
[Black "Bektas, Cagan Erdem"]
[Result "1-0"]
[ECO "B20"]
[WhiteElo "1964"]
[BlackElo "1847"]
[Annotator "RC"]
[PlyCount "63"]
[EventDate "2024.08.01"]
[EventType "swiss"]
[EventCountry "TUR"]
[SourceTitle "playchess.com"]
[Source "ChessBase"]
[SourceQuality "1"]
[TimeControl "5400+30"]

1. e4 c5 2. b3 g6 3. Bb2 Nf6 4. e5 Nd5 5. Qf3 Nb4 6. Bc4 e6 7. Na3 a6 8. O-O-O Ra7 9. h4 b5 10. Be2 h6 11. c3 N4c6 12. Qe3 c4 13. Nc2 cxb3 14. axb3 Rc7 15. f4 Be7 16. h5 g5 17. Nh3 g4 18. Nf2 Na5 19. Nd4 Bc5 20. Kc2 Nbc6 21. Kb1 Nxb3 22. Nxg4 Nbxd4 23. Nf6+ Kf8 24. cxd4 Bb6 25. Qe4 Bb7 26. Qd3 b4 27. d5 Na5 28. dxe6 Bc6 29. Nh7+ Ke8 30. exf7+ Kxf7 31. Qg6+ Ke7 32. Qf6+ 1-0

[Event "Turkish Cup 2024"]
[Site "Denizli"]
[Date "2024.08.02"]
[Round "5"]
[White "Yildiz, Talat"]
[Black "Orak, Yunus"]
[Result "1-0"]
[ECO "C47"]
[WhiteElo "1956"]
[BlackElo "1779"]
[Annotator "RC"]
[PlyCount "77"]
[EventDate "2024.08.01"]
[EventType "swiss"]
[EventCountry "TUR"]
[SourceTitle "playchess.com"]
[Source "ChessBase"]
[SourceQuality "1"]
[TimeControl "5400+30"]

1. e4 e5 2. Nf3 Nc6 3. Nc3 Nf6 4. d4 exd4 5. Nxd4 Bb4 6. Nxc6 bxc6 7. Bd3 d5 8. exd5 cxd5 9. O-O O-O 10. Bg5 c6 11. Qf3 Be7 12. h3 Rb8 13. b3 h6 14. Bf4 Bd6 15. Ne2 c5 16. Rad1 Bb7 17. Bxd6 Qxd6 18. Qg3 Qc6 19. Nf4 Rfe8 20. Rfe1 Kf8 21. h4 Kg8 22. Bf5 d4 23. f3 a5 24. Bd3 Qd6 25. Kh2 Bd5 26. a4 Rbd8 27. Bb5 Bc6 28. Bc4 Rxe1 29. Rxe1 Re8 30. Rxe8+ Bxe8 31. Nd3 Qd8 32. Kg1 Nd7 33. Qe1 Kf8 34. Bb5 Qc7 35. Kf2 f6 36. Qe4 Qd6 37. Qh7 Qe6 38. Qh8+ Kf7 39. Bc4 1-0

[Event "Turkish Cup 2024"]
[Site "Denizli"]
[Date "2024.08.02"]
[Round "5"]
[White "Celik, Ege Yigit"]
[Black "Tutmaz, Bugra Hamza"]
[Result "1/2-1/2"]
[ECO "A26"]
[WhiteElo "1949"]
[BlackElo "1761"]
[Annotator "RC"]
[PlyCount "214"]
[EventDate "2024.08.01"]
[EventType "swiss"]
[EventCountry "TUR"]
[SourceTitle "playchess.com"]
[Source "ChessBase"]
[SourceQuality "1"]
[TimeControl "5400+30"]

1. c4 Nf6 2. Nc3 g6 3. g3 Bg7 4. Bg2 O-O 5. e4 d6 6. Nge2 Nc6 7. O-O e5 8. d3 Bd7 9. h3 Ne8 10. Rb1 Nd4 11. b4 Ne6 12. a4 c6 13. a5 a6 14. Bd2 N8c7 15. Na4 Rb8 16. Nac3 Nd4 17. Nxd4 exd4 18. Ne2 Re8 19. g4 Qe7 20. Ng3 Qh4 21. Kh2 Rbd8 22. f4 Bc8 23. Qf3 Qe7 24. g5 f6 25. f5 Rf8 26. h4 fxg5 27. hxg5 Be5 28. Kg1 Bxg3 29. Qxg3 gxf5 30. g6 hxg6 31. Bg5 Qe5 32. Qxe5 dxe5 33. Bxd8 Rxd8 34. exf5 Bxf5 35. Rb3 Kg7 36. Kh2 Rb8 37. Kg3 Ra8 38. Bf3 Ne6 39. Bg4 Nf4 40. Bxf5 gxf5 41. Rxf4 exf4+ 42. Kxf4 Kf6 43. Rb1 Rg8 44. b5 Rg4+ 45. Kf3 cxb5 46. cxb5 Ke5 47. bxa6 bxa6 48. Rb6 Rg1 49. Rxa6 Re1 50. Ra8 Re3+ 51. Kf2 Rxd3 52. a6 Ra3 53. a7 Kf4 54. Rd8 Ra2+ 55. Kf1 Rxa7 56. Rxd4+ Ke3 57. Rb4 Ra2 58. Rb3+ Kf4 59. Rb4+ Kg3 60. Rb3+ Kg4 61. Rb8 Rc2 62. Ra8 Rb2 63. Rc8 Kg3 64. Rc3+ Kg4 65. Rc8 Rb1+ 66. Kf2 Rb2+ 67. Kf1 Rb4 68. Ra8 Kf4 69. Ra3 Rb1+ 70. Kf2 Rb2+ 71. Kf1 Kg4 72. Ra8 Rb3 73. Kf2 Rf3+ 74. Kg2 Rb3 75. Kf2 Rb2+ 76. Kf1 f4 77. Ra3 Rc2 78. Rb3 Kh4 79. Ra3 Kg4 80. Rb3 Rc1+ 81. Kf2 Rh1 82. Kg2 Rd1 83. Kf2 Rd4 84. Ra3 Rb4 85. Rc3 Rb2+ 86. Kf1 Kf5 87. Rc5+ Ke4 88. Rc4+ Ke3 89. Rc3+ Kd4 90. Rf3 Rb1+ 91. Kf2 Ke4 92. Ra3 Rb2+ 93. Kf1 Rh2 94. Ra4+ Kf3 95. Ra3+ Kg4 96. Kg1 Re2 97. Kf1 Re4 98. Kf2 Rb4 99. Rc3 f3 100. Rc8 Rb2+ 101. Kf1 Kf4 102. Rf8+ Ke3 103. Re8+ Kd4 104. Rd8+ Ke5 105. Re8+ Kd6 106. Rf8 Rb3 107. Kf2 Ke5 1/2-1/2

[Event "Turkish Cup 2024"]
[Site "Denizli"]
[Date "2024.08.02"]
[Round "5"]
[White "Hatirli, Ugur Can"]
[Black "Saricam, Ege"]
[Result "1/2-1/2"]
[ECO "E65"]
[WhiteElo "1948"]
[BlackElo "1794"]
[Annotator "RC"]
[PlyCount "122"]
[EventDate "2024.08.01"]
[EventType "swiss"]
[EventCountry "TUR"]
[SourceTitle "playchess.com"]
[Source "ChessBase"]
[SourceQuality "1"]
[TimeControl "5400+30"]

1. c4 Nf6 2. d4 g6 3. Nf3 Bg7 4. b3 O-O 5. Bb2 d6 6. g3 Nbd7 7. Bg2 Rb8 8. O-O c5 9. Nc3 a6 10. a4 Ne8 11. e3 Nc7 12. Qe2 b6 13. Rfd1 Nf6 14. e4 Bg4 15. d5 Qd7 16. Qc2 Rb7 17. Re1 Bxf3 18. Bxf3 Rfb8 19. Be2 Nfe8 20. f4 Bd4+ 21. Kg2 e5 22. Rf1 Kg7 23. Rf3 Nf6 24. Raf1 Ng4 25. Bc1 exf4 26. gxf4 Re8 27. Rg3 Nf6 28. Bf3 Rbb8 29. Ne2 b5 30. axb5 axb5 31. Nxd4 cxd4 32. Bb2 bxc4 33. Bxd4 Nb5 34. Bxf6+ Kxf6 35. bxc4 Nc7 36. Qc3+ Ke7 37. c5 Nb5 38. Qb4 dxc5 39. Qxc5+ Qd6 40. Qxd6+ Nxd6 41. Re1 Rb2+ 42. Kg1 Rc8 43. Rg2 Rb3 44. Bg4 Rc4 45. Rge2 h5 46. e5 hxg4 47. exd6+ Kxd6 48. Rd2 Rxf4 49. Re8 Kd7 50. Ra8 g3 51. Ra7+ Kd6 52. Ra6+ Ke5 53. d6 Rb1+ 54. Kg2 Rf2+ 55. Rxf2 gxf2 56. Kxf2 Rd1 57. Ra7 Ke6 58. Re7+ Kf6 59. Rd7 Rd2+ 60. Kg3 g5 61. Kh3 Ke5 1/2-1/2

[Event "Turkish Cup 2024"]
[Site "Denizli"]
[Date "2024.08.02"]
[Round "5"]
[White "Kocakaplan, Emre"]
[Black "Gunduz, Umut Erdem"]
[Result "0-1"]
[ECO "A06"]
[WhiteElo "1926"]
[BlackElo "2276"]
[Annotator "RC"]
[PlyCount "86"]
[EventDate "2024.08.01"]
[EventType "swiss"]
[EventCountry "TUR"]
[SourceTitle "playchess.com"]
[Source "ChessBase"]
[SourceQuality "1"]
[TimeControl "5400+30"]

1. Nf3 c5 2. b3 Nc6 3. Bb2 d5 4. e3 Qd6 5. d4 Bg4 6. Nc3 cxd4 7. Nb5 Qb4+ 8. c3 Qa5 9. b4 Qb6 10. c4 dxe3 11. c5 exf2+ 12. Kxf2 Qd8 13. Qb3 a6 14. Nbd4 Nf6 15. Bd3 Ne4+ 16. Bxe4 dxe4 17. Nxc6 bxc6 18. Rhd1 Qc7 19. Ne5 Be6 20. Qa4 Rc8 21. Qxa6 f6 22. Qxc6+ Qxc6 23. Nxc6 Rxc6 24. Rac1 Bg4 25. Rd4 e5 26. Rdc4 e3+ 27. Ke1 Be6 28. R4c2 Bf5 29. Rc3 Be7 30. b5 Re6 31. a4 Kd7 32. a5 Rb8 33. Rb3 Be4 34. c6+ Kc8 35. Ke2 Rxc6 36. Kxe3 Rxc1 37. Bxc1 Bxg2 38. Kf2 Bd5 39. Rb1 Bc4 40. b6 Ba6 41. Be3 Kb7 42. Rd1 Rd8 43. Rc1 Rd7 0-1

[Event "Turkish Cup 2024"]
[Site "Denizli"]
[Date "2024.08.02"]
[Round "5"]
[White "Kolat, Ata"]
[Black "Baylav, Can"]
[Result "0-1"]
[ECO "A48"]
[WhiteElo "1908"]
[BlackElo "2086"]
[Annotator "RC"]
[PlyCount "102"]
[EventDate "2024.08.01"]
[EventType "swiss"]
[EventCountry "TUR"]
[SourceTitle "playchess.com"]
[Source "ChessBase"]
[SourceQuality "1"]
[TimeControl "5400+30"]

1. d4 Nf6 2. Bf4 g6 3. e3 Bg7 4. Nf3 d6 5. h3 O-O 6. Nbd2 Nbd7 7. c3 Qe8 8. Bc4 e5 9. dxe5 dxe5 10. Bh2 Qe7 11. O-O b6 12. a4 a5 13. Qc2 Bb7 14. Rfd1 Rad8 15. Rac1 Ne8 16. Bb5 Nd6 17. Bxd7 Rxd7 18. b4 Ra8 19. b5 c6 20. bxc6 Bxc6 21. Rb1 Rb7 22. c4 Qe8 23. Nb3 Be4 24. Qc3 Bxb1 25. Rxd6 e4 26. Nfd4 Qxa4 27. Bg3 Qb4 28. Qxb4 axb4 29. Rc6 Bxd4 30. Nxd4 Ba2 31. Be5 Re8 32. Bf6 Rbb8 33. Rc7 Rbc8 34. Rb7 Bxc4 35. Ra7 b3 36. Ra1 h6 37. Rb1 Rc5 38. Nxb3 Rb5 39. Nd2 Rxb1+ 40. Nxb1 Bd3 41. Nc3 b5 42. Nd5 Ra8 43. h4 Ra4 44. Bc3 f5 45. Bb4 Bc4 46. Ne7+ Kf7 47. Bc5 b4 48. Nc6 b3 49. Ne5+ Ke6 50. Bd4 Bd3 51. Nc6 Ra2 0-1

[Event "Turkish Cup 2024"]
[Site "Denizli"]
[Date "2024.08.02"]
[Round "5"]
[White "Topal, Hasan Gokmen"]
[Black "Gebes, Ata"]
[Result "1-0"]
[ECO "B23"]
[WhiteElo "1905"]
[BlackElo "1874"]
[Annotator "RC"]
[PlyCount "151"]
[EventDate "2024.08.01"]
[EventType "swiss"]
[EventCountry "TUR"]
[SourceTitle "playchess.com"]
[Source "ChessBase"]
[SourceQuality "1"]
[TimeControl "5400+30"]

1. e4 c5 2. Nc3 d6 3. d4 cxd4 4. Qxd4 Nc6 5. Qd2 Nf6 6. b3 g6 7. Bb2 Bg7 8. O-O-O O-O 9. f3 Qa5 10. Kb1 Bd7 11. g4 Rfc8 12. h4 h5 13. gxh5 Nxh5 14. Nh3 Ne5 15. Nd5 Qxd2 16. Rxd2 Kf8 17. Bg2 Bxh3 18. Bxh3 e6 19. Ne3 Nxf3 20. Rf2 Ng3 21. Rxf3 Nxh1 22. Bg2 Bxb2 23. Kxb2 Ke7 24. Bxh1 Rh8 25. Rh3 Rh7 26. Bf3 Rah8 27. Ng2 b6 28. Rg3 Rh6 29. Kc3 Kf8 30. Kd3 f5 31. Ke3 Kf7 32. Be2 e5 33. Kf2 Kf6 34. Rd3 Ke7 35. Rc3 fxe4 36. Rc7+ Kd8 37. Rxa7 R6h7 38. Ra6 Kc7 39. a4 Rf7+ 40. Ke3 Rb8 41. Ra7+ Rb7 42. Rxb7+ Kxb7 43. Kxe4 Kc6 44. c4 Kc5 45. Bd3 Rf2 46. Ne1 Rf4+ 47. Ke3 Rxh4 48. Bxg6 Rh3+ 49. Nf3 Kb4 50. Bf7 Rh7 51. Be6 Rh6 52. Bd5 Kc3 53. Ng5 Rh2 54. Ne4+ Kb4 55. Nxd6 Rh3+ 56. Ke4 Ka5 57. Kxe5 Rxb3 58. c5 Re3+ 59. Kd4 Re7 60. cxb6 Kxa4 61. b7 Rxb7 62. Nxb7 Ka3 63. Kc3 Ka4 64. Bc4 Ka3 65. Nd6 Ka4 66. Be6 Ka3 67. Nb5+ Ka4 68. Kc4 Ka5 69. Bf5 Kb6 70. Be4 Ka5 71. Kc5 Ka4 72. Bc2+ Ka5 73. Nd6 Ka6 74. Be4 Ka5 75. Nc4+ Ka4 76. Bc2# 1-0

[Event "Turkish Cup 2024"]
[Site "Denizli"]
[Date "2024.08.02"]
[Round "5"]
[White "Cakir, Ege"]
[Black "Bilir, Ibrahim"]
[Result "1/2-1/2"]
[ECO "D11"]
[WhiteElo "1889"]
[BlackElo "1830"]
[Annotator "NA RC"]
[PlyCount "94"]
[EventDate "2024.08.01"]
[EventType "swiss"]
[EventCountry "TUR"]
[SourceTitle "playchess.com"]
[Source "ChessBase"]
[SourceQuality "1"]
[TimeControl "5400+30"]

1. d4 d5 2. Nf3 Nf6 3. g3 Bg4 4. Bg2 e6 5. O-O Be7 6. c4 c6 7. Nc3 Nbd7 8. Qb3 Qb6 9. Qxb6 $15 (9. Re1 $11) 9... axb6 10. Nd2 dxc4 11. h3 Bh5 12. g4 Bg6 13. Nxc4 b5 14. Ne5 Nxe5 15. dxe5 Nd7 16. f4 b4 17. Ne4 Bxe4 18. Bxe4 Nc5 19. Bc2 b3 20. Bb1 O-O 21. Be3 Rfd8 22. Rc1 Ra5 23. Kg2 Rda8 24. a3 Na4 25. Bd4 Rd5 26. Bc3 Rc5 27. Bd3 Nxc3 28. Rxc3 Rxc3 29. bxc3 Bxa3 30. Kf3 Ra5 31. Rb1 b2 32. Ke3 g5 33. fxg5 Rxe5+ 34. Kd2 Rxg5 35. Kc2 Ra5 36. Kb3 h6 37. Rf1 Kg7 38. c4 Bc5 39. Kxb2 Bd4+ 40. Kb3 Ra1 41. Rf4 Be5 42. Re4 f6 43. c5 Rc1 44. Rb4 f5 45. Rxb7+ Kf6 46. Rh7 Kg6 47. Re7 Kf6 1/2-1/2

[Event "Turkish Cup 2024"]
[Site "Denizli"]
[Date "2024.08.02"]
[Round "5"]
[White "Sabahi, Ali Can"]
[Black "Yildiz, Serdar Murat"]
[Result "0-1"]
[ECO "A47"]
[WhiteElo "1882"]
[BlackElo "2182"]
[Annotator "RC"]
[PlyCount "82"]
[EventDate "2024.08.01"]
[EventType "swiss"]
[EventCountry "TUR"]
[SourceTitle "playchess.com"]
[Source "ChessBase"]
[SourceQuality "1"]
[TimeControl "5400+30"]

1. Nf3 Nf6 2. c4 b6 3. e3 c5 4. d4 g6 5. Bd3 cxd4 6. exd4 d5 7. O-O Bg7 8. Nc3 O-O 9. Ne5 Bb7 10. Be3 Nc6 11. f4 Nb4 12. f5 Nxd3 13. Qxd3 dxc4 14. Qxc4 Nd5 15. Rae1 Rc8 16. Qa4 Nxc3 17. bxc3 Rxc3 18. fxg6 hxg6 19. Qxa7 Rxe3 20. Rxe3 Qxd4 21. Ng4 Bc8 22. Kh1 Bxg4 23. Rxe7 Be6 24. Rb7 Bd5 25. Rd7 Qe4 26. Rxd5 Qxd5 27. Qxb6 Qxa2 28. h3 Qe2 29. Qf2 Qxf2 30. Rxf2 Re8 31. g3 Re3 32. Kg2 Be5 33. Rf3 Rxf3 34. Kxf3 Kg7 35. h4 Kh6 36. g4 Bc3 37. Kf4 Be1 38. g5+ Kh5 39. Ke5 Bc3+ 40. Kd6 Kxh4 41. Ke7 Kxg5 0-1

[Event "Turkish Cup 2024"]
[Site "Denizli"]
[Date "2024.08.02"]
[Round "5"]
[White "Var, Sefa"]
[Black "Maras, Huseyin Kayra"]
[Result "1-0"]
[ECO "C92"]
[WhiteElo "1841"]
[BlackElo "1860"]
[Annotator "NA RC"]
[PlyCount "75"]
[EventDate "2024.08.01"]
[EventType "swiss"]
[EventCountry "TUR"]
[SourceTitle "playchess.com"]
[Source "ChessBase"]
[SourceQuality "1"]
[TimeControl "5400+30"]

1. e4 e5 2. Nf3 Nc6 3. Bb5 a6 4. Ba4 Nf6 5. O-O Be7 6. Re1 b5 7. Bb3 O-O 8. h3 Bb7 9. d3 d6 10. c3 Na5 11. Bc2 c5 12. Nbd2 Re8 13. Nf1 Bf8 14. Ng3 g6 15. d4 $15 (15. a3 $11) 15... cxd4 16. cxd4 exd4 17. Nxd4 Bg7 18. Bf4 Qb6 19. Nf3 Rad8 20. b3 d5 21. e5 Ne4 22. Qd4 Qxd4 23. Nxd4 g5 24. Nxe4 dxe4 25. Bd2 Rxd4 26. Bxa5 Rc8 27. Bb6 Bxe5 28. Bxd4 Bxd4 29. Rad1 Bxf2+ 30. Kxf2 Rxc2+ 31. Ke3 Bc6 32. Rc1 Rxc1 33. Rxc1 Bd7 34. Rc7 Bf5 35. Rc5 Bg6 36. Rxg5 Kg7 37. Rc5 Kf6 38. Kf4 1-0

[Event "Turkish Cup 2024"]
[Site "Denizli"]
[Date "2024.08.02"]
[Round "5"]
[White "Sozat, Arda"]
[Black "Tirpan, Ceren"]
[Result "1/2-1/2"]
[ECO "A36"]
[WhiteElo "1836"]
[BlackElo "1926"]
[Annotator "RC"]
[PlyCount "126"]
[EventDate "2024.08.01"]
[EventType "swiss"]
[EventCountry "TUR"]
[SourceTitle "playchess.com"]
[Source "ChessBase"]
[SourceQuality "1"]
[TimeControl "5400+30"]

1. e4 c5 2. Nf3 e6 3. c4 Nc6 4. Nc3 Nd4 5. d3 Ne7 6. Be3 Nec6 7. g3 g6 8. Bg2 Bg7 9. O-O O-O 10. Nb5 Nxb5 11. cxb5 Nd4 12. Nxd4 cxd4 13. Bd2 a6 14. Qb3 d6 15. Rfc1 Qb6 16. bxa6 Qxa6 17. Rc7 e5 18. Qc4 Qb6 19. Rc1 Qxb2 20. Rc2 Qb1+ 21. Rc1 Qxa2 22. Qxa2 Rxa2 23. Bb4 Be6 24. Rxb7 Rb2 25. Rb6 Bh6 26. Ra1 Rc8 27. Bc5 Rc2 28. Ba3 Bc1 29. Bxd6 Bb2 30. Rf1 f6 31. Bxe5 fxe5 32. Rxe6 Rd2 33. Rb6 Rcc2 34. Bh3 Bc1 35. Be6+ Kg7 36. Rb7+ Kh8 37. Bc4 Re2 38. Rf7 Rxc4 39. dxc4 d3 40. Rd1 d2 41. Kf1 Rxe4 42. c5 Rc4 43. Rc7 Kg8 44. Ke2 Re4+ 45. Kd3 Rd4+ 46. Kc2 Rc4+ 47. Kb3 Rd4 48. c6 Rd6 49. Kc2 Kf8 50. Rxc1 dxc1=Q+ 51. Kxc1 h5 52. Rc8+ Ke7 53. Rc7+ Kd8 54. Rd7+ Rxd7 55. cxd7 Kxd7 56. h4 Ke6 57. Kd2 Kf5 58. Ke3 g5 59. hxg5 Kxg5 60. f4+ exf4+ 61. gxf4+ Kg4 62. Kf2 Kxf4 63. Kg2 Ke5 1/2-1/2

[Event "Turkish Cup 2024"]
[Site "Denizli"]
[Date "2024.08.02"]
[Round "5"]
[White "Seker, Cinar"]
[Black "Dargali, Hakan"]
[Result "1/2-1/2"]
[ECO "B40"]
[WhiteElo "1815"]
[BlackElo "1973"]
[Annotator "RC"]
[PlyCount "123"]
[EventDate "2024.08.01"]
[EventType "swiss"]
[EventCountry "TUR"]
[SourceTitle "playchess.com"]
[Source "ChessBase"]
[SourceQuality "1"]
[TimeControl "5400+30"]

1. e4 c5 2. Nf3 e6 3. b3 d5 4. Bb5+ Bd7 5. Bxd7+ Qxd7 6. exd5 Qxd5 7. Nc3 Qd8 8. Bb2 Nf6 9. O-O Nc6 10. Re1 Be7 11. Qe2 a6 12. Rad1 O-O 13. Ne4 Nxe4 14. Qxe4 Bf6 15. Bxf6 Qxf6 16. d4 cxd4 17. Nxd4 Rac8 18. Nxc6 Rxc6 19. Rd7 Rd8 20. Qd3 Rxd7 21. Qxd7 g6 22. c4 Qc3 23. Rd1 Qb4 24. g3 Kg7 25. Rd3 e5 26. Rf3 Rf6 27. Rxf6 Kxf6 28. Qd5 b6 29. h4 h5 30. Qa8 a5 31. Qh8+ Kf5 32. Qc8+ Kf6 33. Qh8+ Ke6 34. Qe8+ Qe7 35. Qa8 Qc5 36. Kg2 Qd4 37. Qe8+ Kf6 38. Qh8+ Ke7 39. Qa8 Qd6 40. Qe4 Kf6 41. a3 Ke6 42. Qb7 Qc5 43. Kg1 Kf6 44. Qf3+ Kg7 45. Qc3 f6 46. b4 axb4 47. axb4 Qc6 48. c5 bxc5 49. bxc5 Kf7 50. Qc4+ Ke7 51. Kf1 g5 52. hxg5 fxg5 53. Ke2 g4 54. Qc2 Qf3+ 55. Ke1 Qh1+ 56. Kd2 Qd5+ 57. Kc1 Kd7 58. Qf5+ Kc6 59. Qxh5 Qxc5+ 60. Kd1 Qxf2 61. Qxe5 Qc5 62. Qe6+ 1/2-1/2

[Event "Turkish Cup 2024"]
[Site "Denizli"]
[Date "2024.08.02"]
[Round "5"]
[White "Zeyrek, Ayaz"]
[Black "Ozgun, Yigit Deniz"]
[Result "1/2-1/2"]
[ECO "D87"]
[WhiteElo "1798"]
[BlackElo "1973"]
[Annotator "RC"]
[PlyCount "204"]
[EventDate "2024.08.01"]
[EventType "swiss"]
[EventCountry "TUR"]
[SourceTitle "playchess.com"]
[Source "ChessBase"]
[SourceQuality "1"]
[TimeControl "5400+30"]

1. d4 Nf6 2. c4 g6 3. Nc3 d5 4. cxd5 Nxd5 5. e4 Nxc3 6. bxc3 Bg7 7. Bc4 c5 8. Ne2 Nc6 9. Be3 O-O 10. O-O b6 11. Bd5 Qc7 12. dxc5 e6 13. cxb6 axb6 14. Bb3 Na5 15. Bd4 Ba6 16. Qd2 Rfd8 17. Qe3 Bxd4 18. cxd4 Bxe2 19. Qxe2 Rxd4 20. Rad1 Rad8 21. Rxd4 Rxd4 22. Rd1 Qd6 23. Rxd4 Qxd4 24. g3 Qc3 25. Qd1 Nc6 26. Qc2 Qxc2 27. Bxc2 Nd4 28. Bd3 Nf3+ 29. Kf1 Nxh2+ 30. Ke2 Ng4 31. f4 Kf8 32. e5 h5 33. Kf3 Ke7 34. a4 Nh6 35. Bb1 Kd7 36. Bd3 Nf5 37. g4 Ng7 38. gxh5 Nxh5 39. Bb5+ Ke7 40. Kg4 Ng7 41. Kg5 Nf5 42. Bc4 Ne3 43. Bd3 Nd5 44. Bb5 Kf8 45. Bd3 Kg7 46. Bb1 Nc7 47. Bd3 Nd5 48. Bb1 Nb4 49. Be4 Na6 50. Bf3 Nb8 51. Bg2 Nd7 52. Be4 Nf8 53. Bd3 Nh7+ 54. Kg4 Kh6 55. Bc2 Kg7 56. Bd3 f5+ 57. exf6+ Kxf6 58. Be4 Nf8 59. Bc6 Ke7 60. Kg5 Kf7 61. Be4 Kg7 62. Bc6 Nh7+ 63. Kg4 Kf6 64. Be4 Nf8 65. Bc6 e5 66. fxe5+ Kxe5 67. Kg5 Ke6 68. Bb5 Kf7 69. Kf4 Kf6 70. Ke4 Ke6 71. Kd4 Nd7 72. Be2 Nc5 73. Bd1 Kd6 74. Kc4 g5 75. Kb5 Nd7 76. Bg4 Ne5 77. Bf5 Nd7 78. Bg4 Nf6 79. Bf3 Nd5 80. Bg4 Kc7 81. Be6 Nc3+ 82. Kb4 Ne4 83. a5 bxa5+ 84. Kxa5 Kd6 85. Bg4 Nf6 86. Bh3 Ke5 87. Kb4 Nd5+ 88. Kb3 Kd4 89. Kb2 Nf4 90. Bg4 Nd3+ 91. Ka3 Ke3 92. Kb3 Kf4 93. Bh3 Nf2 94. Bc8 Ne4 95. Kc2 Ng3 96. Bh3 Nf5 97. Kd3 Nd6 98. Kc2 Nb5 99. Kb2 Na7 100. Ka1 Kg3 101. Bd7 g4 102. Bxg4 Kxg4 1/2-1/2

[Event "Turkish Cup 2024"]
[Site "Denizli"]
[Date "2024.08.02"]
[Round "5"]
[White "Madsman, Berk"]
[Black "Cicek, Bilal Emre"]
[Result "1/2-1/2"]
[ECO "B40"]
[WhiteElo "1797"]
[BlackElo "1963"]
[Annotator "RC"]
[PlyCount "152"]
[EventDate "2024.08.01"]
[EventType "swiss"]
[EventCountry "TUR"]
[SourceTitle "playchess.com"]
[Source "ChessBase"]
[SourceQuality "1"]
[TimeControl "5400+30"]

1. e4 c5 2. Nf3 e6 3. g3 Nc6 4. Bg2 Nf6 5. Qe2 d5 6. exd5 Nxd5 7. O-O Be7 8. d3 O-O 9. Nbd2 Qc7 10. Ne4 b5 11. c4 bxc4 12. dxc4 Ba6 13. b3 Rad8 14. Bb2 e5 15. Rad1 Nd4 16. Nxd4 cxd4 17. Qd2 Nf6 18. Nxf6+ Bxf6 19. f4 Bb7 20. fxe5 Bxe5 21. Bxb7 Qxb7 22. Qf2 Rd7 23. Rd3 f6 24. Rfd1 Rfd8 25. Qg2 Qa6 26. a3 f5 27. c5 Rd5 28. b4 f4 29. Bc1 fxg3 30. hxg3 Bf6 31. Bf4 Qe6 32. Qf2 Re8 33. Bd2 Re5 34. Rf1 Re2 35. Qf3 Qa2 36. Rf2 Qb1+ 37. Rf1 Qc2 38. Bg5 Rg2+ 39. Qxg2 Qxd3 40. Bxf6 gxf6 41. Qd5+ Kh8 42. Qf3 Qxf3 43. Rxf3 Kg7 44. Rd3 Rd8 45. Kf2 Kg6 46. Kf3 Kf5 47. Rd1 Ke5 48. c6 a6 49. c7 Rc8 50. Rc1 f5 51. a4 Kd6 52. Rc4 Rxc7 53. Rxd4+ Ke5 54. Rf4 Rc3+ 55. Kg2 Ra3 56. b5 axb5 57. axb5 Rb3 58. Rh4 Rb2+ 59. Kh3 Rxb5 60. Rxh7 Ke4 61. Ra7 Rb4 62. Ra3 Rd4 63. Rb3 Rd3 64. Rb4+ Ke5 65. Rf4 Rd2 66. Ra4 Rf2 67. Ra5+ Kf6 68. Ra3 Kg5 69. Rb3 Ra2 70. Rc3 Re2 71. Ra3 Re7 72. Rb3 Rh7+ 73. Kg2 Re7 74. Kf3 Re1 75. Kf2 Re4 76. Kf3 Ra4 1/2-1/2